 Dungeon Crawl Stone Soup version 0.31-a0-654-gbe3e110b4e (webtiles) character file.

Game seed: 13182014750713671678

1810 Pooter the Cleaver (level 8, -8/71 (74) HPs)
             Began as a Minotaur Berserker on Aug 29, 2023.
             Was a Priest of Trog.
             Mangled by a wight
             ... wielding a +0 scimitar
              (10 damage)
             ... on level 6 of the Dungeon.
             The game lasted 00:24:01 (5831 turns).

Pooter the Cleaver (Minotaur Berserker)             Turns: 5831, Time: 00:24:02

HP:   -8/71 (74)    AC:  9    Str: 25    XL:     8   Next: 84%
MP:   7/7           EV: 14    Int:  4    God:    Trog [***...]
Gold: 318           SH:  0    Dex:  9    Spells: 7/7 levels left

rFire   . . .        I - +0 flail (heavy)
rCold   . . .        (no shield)
rNeg    . . .        m - +0 chain mail
rPois   .            (helmet restricted)
rElec   .            (no cloak)
rCorr   .            (no gloves)
SInv    +            q - +0 pair of boots
Will    ++...        (no amulet) Stlth
                     S - ring of see invisible
HPRegen 1.31/turn    F - +5 ring of evasion
MPRegen 0.10/turn

%: no passive effects
@: strong-willed (expiring), on berserk cooldown, regenerating (expiring),
slowed, lightly drained, very slow
A: horns 2, retaliatory headbutt
a: Renounce Religion, Berserk, Trog's Hand


You were on level 6 of the Dungeon.
You worshipped Trog.
Trog was most pleased with you.
You visited 1 branch of the dungeon, and saw 6 of its levels.
You also visited: Sewer.

You collected 318 gold pieces.

Inventory:

Hand Weapons
 a - a +1 hand axe of flaming
   (You found it on level 1 of the Dungeon)
 b - a +0 shortbow
   (You took it off a centaur on level 5 of the Dungeon)
 k - a +0 trident
   (You found it on level 3 of the Dungeon)
 H - a +1 long sword of flaming
   (You found it on level 6 of the Dungeon)
 I - a +0 heavy flail (weapon)
   (You took it off a gnoll on level 6 of the Dungeon)
Missiles
 j - 2 javelins
 Q - 59 stones (quivered)
Armour
 m - a +0 chain mail (worn)
   (You found it on level 3 of the Dungeon)
 q - a +0 pair of boots (worn)
   (You found it on level 4 of the Dungeon)
 x - a +0 buckler
   (You found it on level 4 of the Dungeon)
Jewellery
 F - a +5 ring of evasion (right hand)
   (You found it on level 6 of the Dungeon)
 S - a ring of see invisible (left hand)
   (You found it on level 3 of the Dungeon)
Wands
 u - a wand of polymorph (6)
   (You found it on level 5 of the Dungeon)
 G - a wand of roots (1)
   (You found it on level 6 of the Dungeon)
Scrolls
 c - 2 scrolls of vulnerability {!r}
 g - 2 scrolls of revelation
 h - 2 scrolls of fear
 i - a scroll of noise {unknown}
 n - 3 scrolls of blinking
 o - a scroll of poison {!r}
 s - 2 scrolls of teleportation {unknown}
 y - 3 scrolls of enchant armour {unknown}
 A - a scroll of enchant weapon {unknown}
 C - a scroll of torment {unknown}
Potions
 d - 2 potions of lignification {unknown}
 e - a potion of cancellation {unknown}
 f - 4 potions of brilliance {unknown}
 l - 2 potions of curing {unknown}
 p - a potion of attraction {unknown}
 r - a potion of berserk rage {unknown}
 t - 2 potions of invisibility {unknown}
 v - a potion of resistance {unknown}
 w - a potion of enlightenment {unknown}
 z - 3 potions of haste {unknown}
 B - a potion of heal wounds {unknown}
 D - 2 potions of mutation {unknown}
 E - a potion of magic {unknown}


   Skills:
 + Level 8.0 Fighting
 * Level 10.7 Axes
 * Level 5.2 Ranged Weapons
 - Level 2.4 Armour
 - Level 2.1 Dodging


You had 7 spell levels left.
You didn't know any spells.
Your spell library was empty.

Dungeon Overview and Level Annotations

Branches:
Dungeon (6/15) Zot: 26407  Temple (0/1) D:5           Sewer (visited)

Altars:
Dithmenos
Kikubaaqudgha
Xom
Yredelemnul

Shops:
D:6 :

Annotations:
D:5 Sigmund


Innate Abilities, Weirdness & Mutations

You have a pair of horns on your head.
You reflexively headbutt those who attack you in melee.


Message History

* * * LOW HITPOINT WARNING * * *
You feel drained. The gnoll sergeant closely misses you.
The gnoll hits you with a +0 halberd.
* * * LOW HITPOINT WARNING * * *
The wight closely misses you.
The gnoll sergeant hits you with a +0 spear.
* * * LOW HITPOINT WARNING * * *
The gnoll misses you.
You hit the gnoll.
You kill the gnoll!
Trog accepts your kill.
You feel the effects of Trog's Hand fading.
The wight misses you.
The gnoll sergeant hits you with a +0 spear.
* * * LOW HITPOINT WARNING * * *
The wight hits you but does no damage. The wight closely misses you.
The wight hits you but does no damage.
The wight hits you with a +0 short sword.
* * * LOW HITPOINT WARNING * * *
The gnoll sergeant misses you.
Aiming: Fastroot
Press: ? - help, Shift-Dir - straight line, f - wight
Aim: a wight, wielding a +0 scimitar and wearing a +0 robe The roots erupt in riotous growth!
Roots grab the wight. x5
The grasping roots constrict the wight. x5
The roots release their grip on the wight. x3
The wight hits you but does no damage. The wight barely misses you.
The gnoll sergeant hits you with a +0 spear!
* * * LOW HITPOINT WARNING * * *
The wight struggles to escape constriction.
The wight closely misses you. You furiously retaliate!
You headbutt the wight!
You destroy the wight!
Trog accepts your kill. The wight barely misses you. You furiously retaliate!
You headbutt the wight. The wight barely misses you.
The wight struggles to escape constriction.
The wight misses you.
The gnoll sergeant hits you with a +0 spear.
* * * LOW HITPOINT WARNING * * *
Your Fighting skill increases to level 8!
You bludgeon the wight!!
You destroy the wight!
Trog accepts your kill.
The grasping roots constrict the wight!
The roots release their grip on the wight.
The wight hits you from afar with a +2 halberd!
* * * LOW HITPOINT WARNING * * *
The wight hits you with a +0 scimitar!
You die...

##.#####.# #.#**#.###
#.#.#.#### .........#
#.##.....# #..,#...##
##.####>.# #.##.#.#.#
#.#####... ...* #..#
#.##.#.#.###...#...## ..#*
#..####.##.#.#.))....#.###
..#
#..................#...#
..#
#.#####.##.#)###########
..# #.# #.##.#.# ..#####.#
#..z@..#
........#####..))g.#
..###.........zz...#
.....########......#
#.##.# #......#
#.##.#******#.##.###
#.....,,,,,,..,..#
#######,***##.*###
*,,,,,,,*


You could see a gnoll sergeant and 3 wights.

Vanquished Creatures
  Maggie (D:6)
  Duvessa (D:5)
  A swamp drake (D:5)
  An ogre (D:3)
  A centaur (D:5)
  A lemure (D:5)
  2 bullfrogs (Sewer)
  5 scorpions
  2 wights (D:6)
  A centaur zombie (D:5)
  3 hounds
  A sleepcap (D:5)
  A jelly (D:5)
  4 iguanas
  An orc wizard (D:5)
  A scorpion zombie (D:5)
  6 gnolls (D:6)
  13 adders
  6 river rats (Sewer)
  2 ufetubi
  A worm (D:2)
  3 dart slugs
  An orc (D:6)
  20 ball pythons
  3 bats
  8 endoplasms
  6 giant cockroaches
  8 goblins
  6 hobgoblins
  11 jackals
  7 quokkas
  4 frilled lizards
  7 kobolds
  26 rats
165 creatures vanquished.

Notes
Turn   | Place    | Note
-------+----------+-------------------------------------------
     0 | D:1      | Pooter the Minotaur Berserker began the quest for the Orb.
     0 | D:1      | Reached XP level 1. HP: 19/19 MP: 0/0
    97 | D:1      | Reached skill level 4 in Axes
   112 | D:1      | Reached XP level 2. HP: 26/27 MP: 1/1
   592 | D:1      | Reached XP level 3. HP: 33/33 MP: 2/2
   976 | D:2      | Reached ** piety under Trog
  1008 | D:2      | Reached skill level 5 in Axes
  1333 | D:3      | Found an ancient bone altar of Kikubaaqudgha.
  1403 | D:3      | Noticed an ogre
  1411 | D:3      | Killed an ogre
  1412 | D:3      | Reached skill level 5 in Fighting
  1412 | D:3      | Reached skill level 6 in Axes
  1412 | D:3      | Reached XP level 4. HP: 42/42 MP: 3/3
  1412 | D:3      | Reached XP level 5. HP: 48/48 MP: 4/4
  1584 | D:3      | Found a shimmering altar of Xom.
  1641 | D:3      | Found a shimmering altar of Xom.
  1646 | D:3      | Found a shimmering altar of Xom.
  1646 | D:3      | Found a shimmering altar of Xom.
  1646 | D:3      | Found a shimmering altar of Xom.
  1672 | D:3      | Found a shimmering altar of Xom.
  1672 | D:3      | Found a shimmering altar of Xom.
  2187 | D:4      | Reached skill level 7 in Axes
  2187 | D:4      | Reached XP level 6. HP: 56/56 MP: 5/5
  2354 | D:4      | Reached *** piety under Trog
  2518 | D:4      | Found a shadowy altar of Dithmenos.
  3139 | D:5      | Entered Level 5 of the Dungeon
  3174 | D:5      | Found a staircase to the Ecumenical Temple.
  3214 | D:5      | Reached skill level 8 in Axes
  3318 | D:5      | Reached XP level 7. HP: 60/64 MP: 6/6
  3522 | D:5      | Reached skill level 9 in Axes
  3670 | D:5      | Found a basalt altar of Yredelemnul.
  3701 | D:5      | Reached skill level 1 in Ranged Weapons
  3805 | D:5      | Noticed Duvessa
  3805 | D:5      | Noticed Dowan
  3807 | D:5      | Dowan changed into Dowan the swamp drake
  3807 | D:5      | Noticed Dowan
  3815 | D:5      | Killed Duvessa
  3833 | D:5      | Killed Dowan the swamp drake
  3839 | D:5      | Reached XP level 8. HP: 43/73 MP: 7/7
  3982 | D:5      | Noticed Sigmund
  4448 | D:6      | Noticed Maggie
  4466 | D:6      | Killed Maggie
  4473 | D:6      | Reached skill level 10 in Axes
  4547 | D:6      | Found a glowing drain.
  4562 | Sewer    | Entered a sewer
  5629 | D:6      | Found Sisaole's Book Boutique.
  5801 | D:6      | Reached skill level 5 in Ranged Weapons
  5831 | D:6      | HP: 2/71 [wight/+2 halberd (10)]
  5831 | D:6      | Mangled by a wight

Illustrated notes

Levels and vault maps discovered:
D:1:      tekkud_arrival_beachfront_property, layout_basic,
          roderic_serpentine_path
D:2:      layout_rooms
D:3:      layout_basic, nicolae_xom_altar_mimics, mainiacjoe_overflow_paths
D:4:      layout_rooms, kennysheep_mini, dk_noncrumbling_4,
          kennysheep_small_spiral, nicolae_zen_rock_garden, minmay_quantized
D:5:      layout_loops_ring, lemuel_zombie_altar_yredelemnul,
          minmay_temple_entry_antechambers, serial_glass, glass_columns_a,
          glass_columns_b, amcnicky_mini_rare_corridor_liquid, minmay_between,
          uniq_sigmund, uniq_pikel, uniq_duvessa
D:6:      layout_loops_ring, serial_shops, shop, portal_sewer_entry_d,
          uniq_maggie

Skill      XL: |  1  2  3  4  5  6  7  8 |
---------------+-------------------------+-----
Axes           | 4 6 7 8 9 10 | 10.7
Fighting       | 4 5 6 7 8 |  8.0
Ranged Weapons | 2 5 |  5.2
Armour         | |  2.4
Dodging        | |  2.1

Action                     |  1- 3 |  4- 6 |  7- 9 || total
---------------------------+-------+-------+-------++-------
  Melee: Hand axe          |    72 |   131 |   128 ||   331
         Headbutt          |     6 |    16 |    16 ||    38
         Punch             |     1 |       |     1 ||     2
         Flail             |       |       |     5 ||     5
   Fire: Shortbow          |       |       |    95 ||    95
  Throw: Javelin           |     2 |       |       ||     2
         Stone             |       |     5 |     4 ||     9
 Invoke: Berserk           |     1 |     1 |     5 ||     7
         Trog's Hand       |     1 |       |     4 ||     5
  Evoke: Wand              |       |       |     4 ||     4
    Use: Scroll            |     3 |     1 |     2 ||     6
         Potion            |       |       |     1 ||     1
   Stab: Sleeping          |     1 |       |       ||     1
 Armour: Animal skin       |     4 |       |       ||     4
         Scale mail        |    13 |     2 |       ||    15
         Chain mail        |       |    54 |    84 ||   138
  Dodge: Dodged            |    36 |    42 |    99 ||   177
  Block: Buckler           |       |     4 |     7 ||    11

Table legend: (Time is in decaauts)
 A = Elapsed time spent in this place.
 B = Non-inter-level travel time spent in this place.
 C = Inter-level travel time spent in this place.
 D = Time resting spent in this place.
 E = Time spent auto-exploring this place.
 F = Levels seen in this place.
 G = Mean time per level.
                   A        B        C        D        E       F      G
               +--------+--------+--------+--------+--------+-----+--------+
         Total |   5948 |   5758 |    190 |   1046 |   3498 |   7 |  849.7 |
       Dungeon |   5067 |   4877 |    190 |    602 |   3280 |   6 |  844.5 |
         Sewer |    881 |    881 |      0 |    444 |    217 |   1 |  881.0 |
               +--------+--------+--------+--------+--------+-----+--------+

Top non-repeatable levels by time:
     D:5: 1313 daAuts
     D:4: 1154 daAuts
     D:1: 920 daAuts
   Sewer: 881 daAuts
     D:3: 683 daAuts
     D:6: 590 daAuts
     D:2: 406 daAuts
